 Dungeon Crawl Stone Soup version 0.29.1-12-g30fa7ad0bf (webtiles) character file.

Game seed: 7859714988587336619

1939 Jaijje the Destroyer (level 8, -1/63 HPs)
             Began as a White Draconian Conjurer on Dec 31, 2022.
             Was an Initiate of Sif Muna.
             Shot with a bolt by an orc warrior (14 damage)
             ... in a bailey.
             The game lasted 00:31:17 (8105 turns).

Jaijje the Destroyer (White Draconian Conjurer)     Turns: 8105, Time: 00:31:18

Health: -1/63      AC:  8    Str:  9    XL:     8   Next: 97%
Magic:  6/15       EV: 11    Int: 25    God:    Sif Muna [......]
Gold:   360        SH:  9    Dex: 10    Spells: 11/17 levels left

rFire   x . .      SeeInvis .   b - +0 short sword (freeze)
rCold   + + .      Faith    .   h - +0 buckler
rNeg    . . .      Spirit   .   (body armour unavailable)
rPois   .          Reflect  +   (helmet restricted)
rElec   .          Harm     .   (no cloak)
rCorr   .          Rampage  .   (no gloves)
Will    .....                   t - +1 pair of boots
Stlth   ++........              f - amulet "Xiat Acoupa" {Reflect Regen+ Int+4 SH+5}
HPRegen 1.00/turn               w - ring of ice
MPRegen 0.14/turn               (no ring)

@: no status effects
A: breathe frost, AC +6, unfitting armour, cold resistance 1, cold-blooded
a: Breathe Frost, Renounce Religion


You were in a bailey.
You worshipped Sif Muna.
Sif Muna was noncommittal.
You visited 2 branches of the dungeon, and saw 8 of its levels.
You also visited: Bailey.

You collected 360 gold pieces.

Inventory:

Hand Weapons
 b - a +0 short sword of freezing (weapon)
 n - a +3 flail
Missiles
 o - 17 poisoned darts
 s - 4 atropa-tipped darts
Armour
 h - a +0 buckler (worn)
 t - a +1 pair of boots (worn)
Jewellery
 e - an amulet of regeneration
 f - the amulet "Xiat Acoupa" (around neck) {Reflect Regen+ Int+4 SH+5}
   (You acquired it on level 5 of the Dungeon)

   [amulet of reflection]

   It reflects blocked missile attacks.
   Int:       It affects your intelligence (+4).
   Regen:     It increases your rate of health regeneration.
   SH:        It affects your SH (+5).
 w - a ring of ice (left hand)
Wands
 a - a wand of flame (12)
 y - a wand of quicksilver (2)
Scrolls
 d - 4 scrolls of teleportation
 k - 2 scrolls of magic mapping
 p - a scroll of fog
 q - a scroll of identify
 u - a scroll of immolation
Potions
 c - a potion of berserk rage
 g - a potion of flight
 i - a potion of brilliance {unknown}
 j - a potion of heal wounds
 l - a potion of curing {unknown}
 m - a potion of might
 r - 4 potions of invisibility
 v - a potion of attraction {unknown}
 x - 2 potions of magic
 z - a potion of haste {unknown}


   Skills:
 - Level 3.2 Fighting
 - Level 1.7 Dodging
 - Level 1.8 Stealth
 + Level 3.7 Shields
 + Level 5.2 Spellcasting
 - Level 9.1 Conjurations
 * Level 4.2 Ice Magic


You had 11 spell levels left.
You knew the following spells:

 Your Spells              Type           Power      Damage    Failure   Level
a - Magic Dart            Conj           100%       1d8       1%          1
b - Searing Ray           Conj           100%       2d8       1%          2
c - Ozocubu's Armour      Ice            41%        N/A       5%          3

Your spell library contained the following spells:

 Spells                   Type           Power      Damage    Failure   Level
 Dazzling Flash           Conj/Hex       58%        N/A       4%          3
 Mephitic Cloud           Conj/Pois/Air  21%        N/A       9%          3
 Slow                     Hex            24%        N/A       11%         1
 Call Imp                 Summ           6%         N/A       16%         2
 Fulminant Prism          Conj/Hex       14%        3d9       16%         4
 Iskenderun's Mystic Bla  Conj/Tloc      29%        2d7       16%         4
 Confusing Touch          Hex            6%         N/A       32%         3
 Inner Flame              Hex/Fire       6%         N/A       32%         3
 Vampiric Draining        Necr           6%         2d6       32%         3
 Cause Fear               Hex            3%         N/A       71%         4
 Ozocubu's Refrigeration  Ice            20%        4d12      100%        7
 Discord                  Hex            3%         N/A       100%        8


Dungeon Overview and Level Annotations

Branches:
Dungeon (7/15)             Temple (1/1) D:6          Bailey (1/1)

Altars:
Ashenzari
Cheibriados
Dithmenos
Fedhas
Gozag
Hepliaklqana
Kikubaaqudgha
Makhleb
Okawaru
Ru
Sif Muna
Trog
Uskayaw
Vehumet
Wu Jian
Xom
Yredelemnul
Zin
The Shining One

Shops:
D:3 ((


Innate Abilities, Weirdness & Mutations

You can breathe waves of freezing cold which knock back foes.
Your icy white scales are hard. (AC +6)
You cannot fit into any form of body armour.
Your flesh is cold resistant. (rC+)
You are cold-blooded and may be slowed by cold attacks.


Message History

The bolt barely misses the orc warrior.
Casting: Searing Ray (safe; 1% risk of failure)
Confirm with . or Enter, or press ? or * to list all spells.
Restarting spell: Searing Ray (safe; 1% risk of failure)
Press: ? - help, Shift-Dir - straight line, f/p - orc warrior
Aim: an orc warrior, wielding a +0 arbalest and wearing a +0 ring mail (moderately wounded, 79% to hit)
The searing ray hits the orc warrior.
The orc warrior is heavily wounded. (Press . to maintain the ray.)
The orc warrior shoots a bolt.
You reflect the bolt off an invisible shield around you!
The bolt hits the orc warrior!
The orc warrior shoots a bolt.
The bolt hits you!
Casting: Searing Ray (safe; 1% risk of failure)
Confirm with . or Enter, or press ? or * to list all spells.
Restarting spell: Searing Ray (safe; 1% risk of failure)
Press: ? - help, Shift-Dir - straight line, f/p - orc warrior
Aim: an orc warrior, wielding a +0 arbalest and wearing a +0 ring mail (heavily wounded, 79% to hit)
The searing ray hits the orc warrior.
The orc warrior is severely wounded. (Press . to maintain the ray.)
The orc warrior shoots a bolt.
You reflect the bolt off an invisible shield around you!
The bolt closely misses the orc warrior.
The orc warrior shoots a bolt.
The bolt hits you!!
Casting: Searing Ray (safe; 1% risk of failure)
Confirm with . or Enter, or press ? or * to list all spells.
Restarting spell: Searing Ray (safe; 1% risk of failure)
Press: ? - help, Shift-Dir - straight line, f/p - orc warrior
Aim: an orc warrior, wielding a +0 arbalest and wearing a +0 ring mail (severely wounded, 79% to hit)
The searing ray hits the orc warrior!
You kill the orc warrior!
Sif Muna accepts your kill. (Press . to maintain the ray.)
The orc warrior shoots a bolt.
The bolt barely misses you.
The orc shoots a bolt.
The bolt barely misses you.
The orc warrior shoots a bolt.
The bolt hits you!
* * * LOW HITPOINT WARNING * * *
The orc warrior shoots a bolt.
The bolt hits you!
You die...

........≈#o.##≈.....#
........oo...#≈.....#
........≈##.##≈.....#
.......)≈≈###≈≈.....#
.........≈≈≈≈≈......#
....................#
....................#
..................∩.#
..........@........∩#
#####################


You could see an orc warrior.

Vanquished Creatures
  Sigmund (D:6)
  Edmund (D:5)
  3 orc warriors
  An ice beast (D:6)
  2 black bears
  A centaur (D:6)
  2 ogres
  A phantom (D:5)
  A kobold brigand (D:6)
  A howler monkey (D:5)
  An orc priest (D:4)
  A gnoll bouda (D:6)
  2 hounds (D:5)
  3 jellies
  7 iguanas
  4 orc wizards
  4 gnolls
  7 adders
  A shadow imp (D:5)
  A dart slug (D:2)
  25 orcs
  2 ball pythons
  3 bats (D:3)
  10 endoplasms
  4 giant cockroaches
  8 goblins
  5 hobgoblins
  10 kobolds
  4 frilled lizards
  4 rats
120 creatures vanquished.

Vanquished Creatures (others)
  7 fungi (D:4)
7 creatures vanquished.

Grand Total: 127 creatures vanquished

Notes
Turn   | Place    | Note
-------+----------+-------------------------------------------
     0 | D:1      | Jaijje the Draconian Conjurer began the quest for the Orb.
     0 | D:1      | Reached XP level 1. HP: 14/14 MP: 3/3
   301 | D:1      | Reached XP level 2. HP: 20/20 MP: 0/5
   438 | D:1      | Found a faded altar of an unknown god.
   770 | D:1      | Learned a level 2 spell: Searing Ray
  1153 | D:2      | Reached XP level 3. HP: 26/26 MP: 4/6
  1373 | D:2      | Reached skill level 1 in Shields
  1898 | D:3      | Found Eheac's Weapon Shoppe.
  1940 | D:3      | Reached skill level 5 in Conjurations
  1942 | D:3      | Found Siwas's Weapon Boutique.
  2140 | D:3      | Reached XP level 4. HP: 33/33 MP: 4/7
  2621 | D:4      | Found a bloodstained altar of Trog.
  2621 | D:4      | Found a burning altar of Makhleb.
  2853 | D:4      | Noticed an ogre
  2864 | D:4      | Killed an ogre
  2865 | D:4      | Reached XP level 5. HP: 38/38 MP: 2/9
  2982 | D:4      | Found a shimmering altar of Xom.
  3017 | D:5      | Entered Level 5 of the Dungeon
  3307 | D:4      | Reached skill level 6 in Conjurations
  3864 | D:4      | Found an iron altar of Okawaru.
  3918 | D:4      | Reached skill level 1 in Fighting
  3918 | D:4      | Reached XP level 6. HP: 47/47 MP: 5/10
  4887 | D:5      | Reached skill level 7 in Conjurations
  4998 | D:5      | Identified a scroll of acquirement
  4998 | D:5      | Acquired the amulet "Xiat Acoupa" {Reflect Regen+ Int+4
                  | SH+5}
  5048 | D:5      | Your scales start taking on an icy white colour.
  5048 | D:5      | Reached XP level 7. HP: 56/56 MP: 6/11
  5048 | D:5      | Gained mutation: Your flesh is cold resistant. (rC+) [White
                  | Draconian growth]
  5884 | D:6      | Found a staircase to the Ecumenical Temple.
  5887 | D:6      | Noticed Sigmund
  6161 | D:6      | Noticed Edmund
  6171 | D:6      | Reached skill level 8 in Conjurations
  6188 | D:5      | Killed Edmund
  6432 | D:6      | Learned a level 3 spell: Ozocubu's Armour
  6574 | D:6      | Reached XP level 8. HP: 60/61 MP: 2/13
  6580 | D:6      | Reached skill level 1 in Ice Magic
  6848 | Temple   | Entered the Ecumenical Temple
  6972 | Temple   | Became a worshipper of Sif Muna the Loreminder
  7270 | D:6      | Reached skill level 9 in Conjurations
  7443 | D:6      | Found an ornate altar of the Wu Jian Council.
  7626 | D:6      | Killed Sigmund
  7739 | D:6      | Reached skill level 5 in Spellcasting
  8077 | D:7      | Found a flagged portal.
  8085 | Bailey   | Entered a bailey
  8105 | Bailey   | Shot with a bolt by an orc warrior

Illustrated notes

Levels and vault maps discovered:
D:1:      elethiomel_arrival_quiet, layout_loops_ring,
          ebering_ecumenical_altar_ruins, minmay_misc_feat_roman
D:2:      layout_basic
D:3:      layout_rooms, serial_shops,
          nicolae_shop_temple_entry_statues_fountains, nicolae_shop_hallway_plus
D:4:      layout_basic, mainiacjoe_overflow_alcove_2,
          nicolae_overflow_two_pavilions, nicolae_overflow_hidden_temple,
          serial_aquarium, aquarium_bridge_long_separate
          [aquarium_subvault_wall, aquarium_subvault_wall,
          aquarium_subvault_bridge, aquarium_subvault_bridge,
          aquarium_subvault_wall, aquarium_subvault_wall],
          aquarium_bridge_straight [aquarium_subvault_bridge,
          aquarium_subvault_wall, aquarium_subvault_bridge,
          aquarium_subvault_wall], aquarium_window_3, aquarium_window_corner,
          aquarium_view_2c, aquarium_balcony_double_1, aquarium_pool_double,
          dk_noncrumbling_4
D:5:      layout_layer_cave
D:6:      layout_rooms, general_overflow_altar, minmay_temple_entry_large_hall,
          uniq_sigmund, uniq_edmund
D:7:      kennysheep_big_flooded_room, layout_loops_corners, enter_bailey_2
Temple:   jpeg_temple_clearing
Bailey:   bailey_polearm_2, bailey

Skill      XL: |  1  2  3  4  5  6  7  8 |
---------------+-------------------------+-----
Shields        | 1 3 |  3.7
Conjurations   | 5 6 7 8 9 |  9.1
Spellcasting   | 3 5 |  5.2
Fighting       | 1 2 3 |  3.2
Ice Magic      | 4 |  4.2
Dodging        | |  1.7
Stealth        | |  1.8

Action                   |  1- 3 |  4- 6 |  7- 9 || total
-------------------------+-------+-------+-------++-------
Melee: Short sword       |     6 |    17 |    17 ||    40
       Unarmed           |     3 |       |       ||     3
       Tailslap          |       |     1 |     3 ||     4
 Cast: Magic Dart        |    72 |    73 |    69 ||   214
       Searing Ray       |     2 |    19 |    30 ||    51
       Ozocubu's Armour  |       |       |     3 ||     3
  Use: Potion            |     1 |     3 |     1 ||     5
       Scroll            |       |    11 |     3 ||    14
Armor: Skin              |     2 |    16 |    17 ||    35
Dodge: Dodged            |     3 |    21 |    39 ||    63
Block: Buckler           |     1 |     4 |    49 ||    54
       Reflection        |       |       |     6 ||     6
